AoeStats
← Schantiiniiii

Coastal Forest

503467563Analyzed
4v4 RM · 1mo ago on Aug 31, 2026· 18m 54s· 8 players
Game mode
Random Map
Map size
Large (8 player)
Population
200
Speed
Normal
Resources
Standard
Victory
Conquest
Starting age
Dark Age
Ending age
Imperial Age
RankedLock teamsTeams togetherTeam positionsShared explorationLock speedFull tech treeHidden civsTurbo modeCheats
Victory
Defeat
🇩🇪 Khmer · Germany
1633
+12
🇩🇪 Berbers · Germany
1552
+16
🇩🇪 Vietnamese · Germany
1545
+16
1488
+19
🇩🇪 Persians · Germany
1700
-22
🇨🇭 Portuguese · Switzerland
1649
-20
🇫🇷 Koreans · France
1545
-16
🇩🇪 Mongols · Germany
1305
-6
Nemo
10:12 Feudal Age
10:49 Feudal Age
18:03 Castle Age
17:50 Double-Bit Axe
18:32 Forging
18:29 Demolition Ship
Thanatos
6:29 Loom
10:39 Feudal Age
12:58 Horse Collar
13:05 Double-Bit Axe
19:58 Wheelbarrow
AndyThePro
7:36 Loom
9:55 Feudal Age
10:37 Double-Bit Axe
10:34 Horse Collar
18:10 Castle Age
16:34 Gold Mining
18:23 Scale Barding Armor
19:46 Chain Barding Armor
Thundernips, The Ultimate Gigolo
7:28 Loom
9:37 Feudal Age
12:39 Fletching
18:49 Town Watch
Schantiiniiii
1:20 Loom
7:01 Loom
10:23 Feudal Age
12:03 Town Watch
16:00 Fletching
twitch.tv/gliedi69
9:32 Loom
11:18 Feudal Age
15:13 Castle Age
13:31 Gold Mining
13:34 Double-Bit Axe
14:53 Fletching
16:27 Bow Saw
GlorysDarkSide
4:14 Loom
9:14 Feudal Age
9:58 Double-Bit Axe
12:06 Scale Barding Armor
Pfienz
9:36 Feudal Age
13:54 Horse Collar
14:01 Double-Bit Axe
20:55 Castle Age
Connection lost

Rejoining the realm…

Still unreachable

The connection could not be restored.

Session expired

The server has moved on; the page needs a fresh start.